 Dungeon Crawl Stone Soup version 0.20-a0-270-g8e735b6 (webtiles) character file.

104 snakesoul the Magician (level 4, -1/24 HPs)
             Began as a Deep Elf Fire Elementalist on Dec 9, 2016.
             Killed from afar by an orc wizard (7 damage)
             ... with a magic dart
             ... on level 3 of the Dungeon.
             The game lasted 00:05:05 (2294 turns).

snakesoul the Magician (Deep Elf Fire Elementalist) Turns: 2294, Time: 00:05:06

Health: -1/24      AC:  5    Str:  5    XL:     4   Next: 52%
Magic:  0/12       EV: 12    Int: 21    God:
Gold:   110        SH:  0    Dex: 15    Spells: 10/11 levels left

rFire  . . .     SeeInvis .     r - +0 dagger
rCold  . . .     Gourm    .     f - +0 leather armour
rNeg   . . .     Faith    .     (no shield)
rPois  .         Spirit   .     s - +0 helmet
rElec  .         Reflect  .     (no cloak)
rCorr  .         Harm     .     d - +0 pair of gloves
MR     .....                    (no boots)
Stlth  ++........               (no amulet)
                                (no ring)
                                (no ring)

@: no status effects
A: no striking features
a: no special abilities


You were on level 3 of the Dungeon.
You were not hungry.

You visited 1 branch of the dungeon, and saw 3 of its levels.

You collected 110 gold pieces.

Inventory:

Hand Weapons
 g - a +2 vampiric dagger
 r - a +0 dagger (weapon)
Armour
 a - a +0 robe
 d - a +0 pair of gloves (worn)
 f - a +0 leather armour (worn)
 s - a +0 helmet (worn)
Jewellery
 m - an uncursed amulet of guardian spirit {unknown}
 w - a cursed ring of loudness {unknown}
Scrolls
 e - 5 scrolls of identify {unknown}
 h - a scroll of enchant armour {unknown}
 k - 3 scrolls of remove curse {unknown}
 p - a scroll of noise {unknown}
 q - 2 scrolls of amnesia {unknown}
Potions
 i - a potion of beneficial mutation {unknown}
 j - a potion of agility {unknown}
 l - a potion of might {unknown}
 t - a potion of invisibility {unknown}
 u - a potion of curing {unknown}
Books
 b - a book of Flames

   Spells                             Type                      Level
   a - Flame Tongue                   Conjuration/Fire             1
   b - Throw Flame                    Conjuration/Fire             2
   c - Conjure Flame                  Conjuration/Fire             3
   d - Inner Flame                    Hexes/Fire                   3
   e - Sticky Flame                   Conjuration/Fire             4
   f - Fireball                       Conjuration/Fire             5
Comestibles
 c - a bread ration
 n - 2 beef jerkies
 o - 4 chunks of flesh
 v - a meat ration


   Skills:
 - Level 2.4 Dodging
 - Level 2.4 Stealth
 + Level 4.4 Spellcasting
 * Level 3.4 Conjurations
 + Level 3.9 Fire Magic


You had 10 spell levels left.
You knew the following spells:

 Your Spells              Type           Power        Failure   Level  Hunger
a - Flame Tongue          Conj/Fire      ###..        6%          1    None


Dungeon Overview and Level Annotations

Branches:
Dungeon (3/15)

Altars:
Nemelex Xobeh


Message History

The orc wizard casts a spell at you. You resist with some effort.
The orc wizard gestures wildly while chanting.
The orc wizard blinks!
The orc wizard gestures wildly while chanting.
Things that are here:
a war axe; an orc corpse
Casting: Flame Tongue
Confirm with . or Enter, or press ? or * to list all spells.
Aiming: Flame Tongue
Press: ? - help, Shift-Dir - straight line, f/p - orc wizard
Aim: an orc wizard, wielding a dagger and wearing a robe (lightly wounded, fast)
The flame tongue misses the orc wizard.
The orc wizard casts a spell at you. The magic dart hits you!
* * * LOW HITPOINT WARNING * * *
The orc wizard barely misses you.
The orc wizard gestures at you while chanting.
The magic dart hits you!
You die...

#.#.#.# #.#.#.# #######
###.#.#.##
.......###........##
...................+ ..
...................#...
.......))..............
.......#............###
..(....#..o.@.<).......
...(...#........<....##
###....#.............#
####.###...........# ..
#...........# ..
##............
##.######.... #.. ...


You could see an orc wizard.

Vanquished Creatures
  Robin (D:2)
  An adder (D:2)
  A dart slug (D:2)
  2 leopard geckos
  6 orcs
  A giant cockroach (D:1)
  10 hobgoblins
  10 jackals
  3 kobolds
  4 ball pythons
  5 bats
  3 frilled lizards
  14 goblins
  4 rats (D:1)
65 creatures vanquished.

Notes
Turn   | Place    | Note
-------+----------+-------------------------------------------
     0 | D:1      | snakesoul the Deep Elf Fire Elementalist began the quest for the Orb.
     0 | D:1      | Reached XP level 1. HP: 10/10 MP: 6/6
   247 | D:1      | Reached XP level 2. HP: 15/15 MP: 0/8
   868 | D:1      | Reached XP level 3. HP: 19/19 MP: 6/10
  1441 | D:2      | Noticed Robin
  1451 | D:2      | Reached skill level 4 in Spellcasting
  1663 | D:2      | Killed Robin
  1663 | D:2      | Reached XP level 4. HP: 24/24 MP: 9/12
  1995 | D:2      | Found a sparkling altar of Nemelex Xobeh.
  2294 | D:3      | Killed from afar by an orc wizard

Vault maps used:
D:1:      lightli_arrival_statuegarden
D:2:      nemelex_altar_shiori, wad_orctagon, uniq_robin
D:3:      eat_drink_and_be_merry_uskayaw, first_bread, uniq_iyjb

Skill      XL: |  1  2  3 |
---------------+----------+-----
Conjurations   | 2 3 |  3.4
Spellcasting   | 4 |  4.4
Dodging        | |  2.4
Stealth        | |  2.4
Fire Magic     | |  3.9

Action                   |  1- 3 |  4- 6 || total
-------------------------+-------+-------++-------
Melee: Unarmed           |     1 |       ||     1
       Club              |    13 |       ||    13
       Dagger            |     1 |     6 ||     7
 Cast: Flame Tongue      |    82 |    40 ||   122
  Eat: Chunk             |     2 |     2 ||     4
Armor: Leather armour    |    19 |    12 ||    31
       Robe              |     1 |       ||     1
Dodge: Dodged            |    39 |    22 ||    61
